 Dungeon Crawl Stone Soup version 0.16.1-2-g95b8d4c (webtiles) character file.

2930 Chiseanne the Blocker (level 10, -3/73 HPs)
             Began as a Formicid Fighter on Mar 25, 2015.
             Was a Priest of Makhleb.
             Killed by divine providence
             ... invoked by an orc priest
              (13 damage)
             ... on level 7 of the Dungeon.
             The game lasted 00:20:41 (7806 turns).

Chiseanne the Blocker (Formicid Fighter)            Turns: 7806, Time: 00:20:42

Health: -3/73      AC:  9    Str: 20    XL:     10   Next: 7%
Magic:  13/13      EV: 11    Int: 11    God:    Makhleb [***...]
Gold:   346        SH: 19    Dex: 11    Spells: 0 memorised, 9 levels left

rFire  . . .     SeeInvis +     a - +2 war axe
rCold  . . .     Clarity  .     j - +1 robe {rN+}
rNeg   + . .     SustAb   .     t - +0 large shield
rPois  .         Gourm    .     (helmet unavailable)
rElec  .         Spirit   .     z - +0 cloak
rCorr  .         Warding  .     o - +0 pair of gloves
rMut   .         Stasis   +     e - +0 pair of boots
MR     +....                    r - amulet of faith
Stlth  +.........               y - +2 ring of protection
                                p - ring of flight

@: somewhat resistant to hostile enchantments, very unstealthy
A: permanent stasis, dig shafts and tunnels, four strong arms, antennae 3
a: Dig, Shaft Self, Minor Destruction, Lesser Servant of Makhleb, Renounce
Religion, Evoke Flight


You were on level 7 of the Dungeon.
You worshipped Makhleb.
Makhleb was most pleased with you.
You were not hungry.

You visited 1 branch of the dungeon, and saw 7 of its levels.

You collected 346 gold pieces.

Inventory:

Hand weapons
 a - a +2 war axe (weapon)
 m - a +8 club
 s - a +4 quarterstaff of chaos
Missiles
 c - 25 poisoned needles
 u - 2 steel tomahawks (quivered)
 B - 5 tomahawks
Armour
 e - a +0 pair of boots (worn)
 j - a +1 robe of positive energy (worn)
 o - a +0 pair of gloves (worn)
 t - a +0 large shield (worn)
 z - a +0 cloak (worn)
Jewellery
 p - a ring of flight (left hand)
 r - an amulet of faith (around neck)
 y - a +2 ring of protection (right hand)
Magical devices
 q - a wand of draining (3)
Scrolls
 l - 2 scrolls of remove curse
 w - a scroll of amnesia
 x - 2 scrolls of immolation
 C - a scroll of identify
Potions
 b - a potion of cancellation {unknown}
 f - a potion of curing
 g - a potion of decay {unknown}
 h - 3 potions of restore abilities
 k - 4 potions of heal wounds
 n - a potion of lignification {unknown}
 v - a potion of ambrosia {unknown}
 D - a potion of magic {unknown}
Comestibles
 d - 6 bread rations
 i - 2 meat rations
 A - a chunk of flesh


   Skills:
 - Level 4.7 Fighting
 - Level 3.6 Axes
 - Level 5.0 Armour
 + Level 14.0 Shields


You had 9 spell levels left.
You didn't know any spells.

Dungeon Overview and Level Annotations

Branches:
Dungeon (7/15)             Temple (0/1) D:6

Altars:
Fedhas
Makhleb
Okawaru
Trog
Vehumet


Innate Abilities, Weirdness & Mutations

You are under a permanent stasis effect.
You can dig through walls and to a lower floor.
Your four strong arms can wield two-handed weapons with a shield.
You have a pair of large antennae on your head (SInv).


Message History

You hit the orc wizard.
The orc wizard is almost dead.
The orc wizard casts a spell at you. The magic dart hits you!
You block the orc priest's attack.
The orc wizard casts a spell.
The orc wizard blinks!
The orc wizard casts a spell at you. The magic dart hits you!
The orc priest mumbles some strange prayers to Beogh against you.
Something smites you!
* * * LOW HITPOINT WARNING * * *
Use which ability? (? or * to list)
You extend your mandibles.
You dig through the rock wall.
The orc wizard casts a spell at you. The magic dart hits you!
* * * LOW HITPOINT WARNING * * *
The orc priest calls down the wrath of Beogh upon you.
Something smites you!
You die...

$# .. #. #. . #. o##.
####. #... #....## #..#
## #.@##oo# .#...##.#.oJ#
. #........o.)### ..
..#######.###### #. .. #.
#.#>...## ... ...##.###
#.......#.. ........#
##........# .......[####
#......#.## .
....<.......###.........#
#.


You could see an ooze, an orc priest and an orc wizard.

Vanquished Creatures
  Pikel (D:6)
  The ghost of jazmu the Chopper, an experienced GrGl (D:6)
  The ghost of Mandevil the Conjurer, an average FoCj of Cheibriados (D:4)
  2 ice beasts (D:5)
  An orc warrior (D:6)
  A slave (D:6)
  5 ogres
  A phantom (D:5)
  Sigmund (D:7)
  A centaur (D:6)
  2 giant frogs
  A wyvern zombie (D:6)
  A scorpion (D:5)
  4 crimson imps
  Crazy Yiuf (D:4)
  An orc priest (D:3)
  5 hounds
  2 iguanas
  3 worker ants (D:5)
  2 orc wizards (D:6)
  Ijyb (D:3)
  Jessica (D:2)
  2 worker ant zombies
  3 gnolls (D:5)
  12 adders
  A giant mite (D:7)
  3 worms
  An adder zombie (D:6)
  8 giant geckos
  An ooze (D:1)
  19 orcs
  2 ball pythons (D:2)
  13 bats
  A bat skeleton (D:6)
  4 giant cockroaches
  8 goblins
  11 hobgoblins
  12 jackals
  5 quokkas
  3 giant newts
  16 kobolds
  A quokka skeleton (D:4)
  5 rats
  3 fungi (D:4)
173 creatures vanquished.

Vanquished Creatures (collateral kills)
  A rat (D:5)
1 creature vanquished.

Vanquished Creatures (others)
  An adder zombie (D:6)
  An adder skeleton (D:7)
  A hobgoblin (D:7)
  A giant spore (D:7)
  A rat (D:7)
5 creatures vanquished.

Grand Total: 179 creatures vanquished

Notes
Turn   | Place    | Note
--------------------------------------------------------------
     0 | D:1      | Chiseanne, the Formicid Fighter, began the quest for the Orb.
     0 | D:1      | Reached XP level 1. HP: 18/18 MP: 1/1
   177 | D:1      | Reached XP level 2. HP: 14/24 MP: 3/3
   845 | D:1      | Reached XP level 3. HP: 28/30 MP: 4/4
  1019 | D:2      | Noticed Jessica
  1026 | D:2      | Killed Jessica
  1026 | D:2      | Reached skill level 4 in Fighting
  1026 | D:2      | Reached XP level 4. HP: 4/37 MP: 5/5
  1517 | D:2      | HP: 1/37 [poisoned by an adder]
  1815 | D:2      | Found a blossoming altar of Fedhas.
  2027 | D:2      | Reached XP level 5. HP: 42/42 MP: 7/7
  2806 | D:3      | Found an iron altar of Okawaru.
  2823 | D:3      | Found a bloodstained altar of Trog.
  2830 | D:3      | Reached XP level 6. HP: 36/49 MP: 8/8
  3083 | D:3      | Noticed Ijyb
  3105 | D:3      | Killed Ijyb
  3502 | D:3      | Found a radiant altar of Vehumet.
  3503 | D:3      | Found a burning altar of Makhleb.
  3510 | D:3      | Became a worshipper of Makhleb the Destroyer
  3547 | D:3      | Reached skill level 5 in Armour
  3632 | D:3      | Reached skill level 5 in Shields
  3796 | D:4      | Noticed Mandevil's ghost (average FoCj)
  3805 | D:4      | Reached skill level 6 in Shields
  3805 | D:4      | Reached XP level 7. HP: 6/55 MP: 9/9
  4150 | D:4      | Acquired Makhleb's first power
  4483 | D:4      | Killed Mandevil's ghost
  4483 | D:4      | Reached skill level 7 in Shields
  4883 | D:4      | Noticed Crazy Yiuf
  4895 | D:4      | Killed Crazy Yiuf
  4895 | D:4      | Reached skill level 8 in Shields
  4895 | D:4      | Reached XP level 8. HP: 61/61 MP: 11/11
  5011 | D:5      | Entered Level 5 of the Dungeon
  5039 | D:5      | Found a bloodstained altar of Trog.
  5059 | D:5      | Acquired Makhleb's second power
  5113 | D:5      | Reached skill level 9 in Shields
  5370 | D:5      | Reached skill level 10 in Shields
  5668 | D:5      | Reached XP level 9. HP: 51/66 MP: 12/12
  5828 | D:5      | Reached skill level 11 in Shields
  5909 | D:5      | You fall through a shaft!
  6443 | D:6      | Acquired Makhleb's third power
  6556 | D:6      | Reached skill level 12 in Shields
  6602 | D:6      | Noticed jazmu's ghost (experienced GrGl)
  6617 | D:6      | Killed jazmu's ghost
  6849 | D:6      | Noticed Pikel
  6865 | D:6      | Killed Pikel
  6865 | D:6      | Reached skill level 13 in Shields
  6979 | D:6      | Found a staircase to the Ecumenical Temple.
  7259 | D:6      | Reached XP level 10. HP: 73/73 MP: 13/13
  7663 | D:7      | Noticed Sigmund
  7665 | D:7      | Killed Sigmund
  7665 | D:7      | Reached skill level 14 in Shields
  7806 | D:7      | Killed from afar by an orc priest

Action                   |  1- 3 |  4- 6 |  7- 9 | 10-12 || total
-------------------------+-------+-------+-------+-------++-------
Melee: War axe           |    86 |   201 |   333 |    31 ||   651
       Club              |       |    18 |       |       ||    18
       Quarterstaff      |       |       |    11 |       ||    11
 Abil: Dig               |     2 |     5 |    18 |     4 ||    29
       Shaft Self        |       |       |     1 |       ||     1
Evoke: Wand              |       |       |     4 |     2 ||     6
  Use: Scroll            |     6 |     3 |     6 |       ||    15
       Potion            |       |     2 |     1 |       ||     3
  Eat: Chunk             |       |    10 |    11 |     2 ||    23
       Fruit             |       |       |     4 |       ||     4
